 Dungeon Crawl Stone Soup version 0.24.1-1-gd1d2a07e1b (webtiles) character file.

Game seed: 17766281088179718518, levelgen mode: deterministic

294685 Fukker the Scorcher (level 20, -16/124 HPs)
             Began as a Gargoyle Earth Elementalist on Apr 1, 2020.
             Was the Champion of Vehumet.
             Killed from afar by a golden dragon (54 damage)
             ... with a bolt of cold
             ... on level 2 of the Depths on Apr 11, 2020.
             The game lasted 03:56:29 (49968 turns).

Fukker the Scorcher (Gargoyle Earth Elementalist)  Turns: 49968, Time: 03:56:30

Health: -16/124    AC: 35    Str: 14    XL:     20   Next: 86%
Magic:  48/48      EV: 15    Int: 31    God:    Vehumet [******]
Gold:   1913       SH:  6    Dex: 10    Spells: 10/49 levels left

rFire    + . .     SeeInvis .   A - staff of conjuration
rCold    x . .     Gourm    .   U - +1 buckler "Zarphaiha" {rPois Int+5}
rNeg     + . .     Faith    .   p - quicksilver dragon scales
rPois    ∞         Spirit   .   o - +2 helmet {Int+3}
rElec    +         Reflect  .   S - +0 cloak {rPois}
rCorr    .         Harm     .   I - +1 pair of gloves
MR       ++...                  q - +0 pair of boots
Stlth    +.........             v - amulet of magic regeneration
HPRegen  0.30/turn              J - ring of fire
MPRegen  0.56/turn              j - ring of magical power

@: about to teleport, flying
A: big wings, negative energy resistance 1, electricity resistance, unbreathing,
petrification resistance, rot immunity, AC +15
}: 2/15 runes: barnacled, gossamer
a: Stop Flying, Renounce Religion


You were on level 2 of the Depths.
You worshipped Vehumet.
Vehumet was exalted by your worship.
You were not hungry.

You visited 8 branches of the dungeon, and saw 37 of its levels.
You visited 1 bazaar.
You also visited: Sewer.

You collected 3783 gold pieces.
You spent 1870 gold pieces at shops.

Inventory:

Hand Weapons
 f - a +3 short sword of electrocution
Missiles
 u - 384 stones (quivered)
Armour
 o - a +2 helmet of intelligence (worn)
 p - quicksilver dragon scales (worn)
 q - a +0 pair of boots (worn)
 I - a +1 pair of gloves (worn)
 L - a +0 robe of fire resistance
 O - a +2 leather armour of magic resistance
 S - a +0 cloak of poison resistance (worn)
 U - the +1 buckler "Zarphaiha" (worn) {rPois Int+5}
   (You bought it in a shop on level 7 of the Dungeon)

   It affects your intelligence (+5).
   It protects you from poison.
 Z - a +2 hat of magic resistance
Magical Staves
 A - an uncursed staff of conjuration (weapon)
 G - an uncursed staff of wizardry
Jewellery
 b - an uncursed ring of resist corrosion
 j - a ring of magical power (right hand)
 v - an amulet of magic regeneration (around neck)
 x - an uncursed ring of see invisible
 C - an uncursed ring of protection from magic
 J - a ring of fire (left hand)
 Y - a +4 ring of intelligence
Wands
 P - a wand of iceblast (7)
Scrolls
 c - 2 scrolls of silence
 e - 7 scrolls of magic mapping
 l - 4 scrolls of brand weapon
 r - 22 scrolls of remove curse
 w - 6 scrolls of enchant weapon
 y - 7 scrolls of immolation
 z - a scroll of blinking
 F - 11 scrolls of teleportation
 K - 3 scrolls of vulnerability
 M - 3 scrolls of fear
 R - 5 scrolls of identify
 T - 4 scrolls of enchant armour
 V - 4 scrolls of amnesia
 W - 2 scrolls of torment
 X - 6 scrolls of fog
Potions
 a - 5 potions of agility
 g - 5 potions of haste
 h - 3 potions of berserk rage
 i - 9 potions of curing
 k - 6 potions of might
 m - 3 potions of cancellation
 n - 10 potions of heal wounds
 t - 4 potions of magic
 B - 6 potions of brilliance
 N - a potion of invisibility
 Q - 3 potions of mutation
Miscellaneous
 D - a phantom mirror
 H - a fan of gales
Comestibles
 d - 20 rations


   Skills:
 * Level 13.0 Fighting
 - Level 3.6 Short Blades
   Level 1.2(1.3) Maces & Flails
   Level 3.2 Polearms
 + Level 0.5(2.4) Staves
 - Level 0.1 Throwing
 + Level 7.5 Armour
 + Level 11.7 Dodging
 * Level 2.9 Stealth
 - Level 6.0 Shields
 - Level 15.0 Spellcasting
 + Level 13.4 Conjurations
 - Level 6.1 Summonings
 - Level 4.4 Transmutations
 - Level 17.3 Fire Magic
 - Level 5.2 Air Magic
 - Level 12.2 Earth Magic
 - Level 2.5 Poison Magic
 + Level 2.7 Evocations


You had 10 spell levels left.
You knew the following spells:

 Your Spells              Type           Power        Failure   Level  Hunger
a - Sandblast             Erth           ######       1%          1    None
b - Stone Arrow           Conj/Erth      ######       1%          3    None
c - Lee's Rapid Deconstr  Erth           #######...   1%          5    None
d - Petrify               Tmut/Erth      ######..     1%          4    None
e - Mephitic Cloud        Conj/Pois/Air  #######.     1%          3    None
f - Summon Lightning Spi  Summ/Air       ######..     3%          4    None
g - Fireball              Conj/Fire      ########..   1%          5    None
h - Bolt of Fire          Conj/Fire      ########..   1%          6    ###....
i - Ignition              Fire           ########..   5%          8    ######.

Your spell library contained the following spells:

 Spells                   Type           Power        Failure   Level  Hunger
 Fire Storm               Conj/Fire      ########..   82%         9    #######
 Tornado                  Air            ######....   100%        9    #######
 Shock                    Conj/Air       ####         1%          1    None
 Summon Small Mammal      Summ           ####         1%          1    None
 Call Imp                 Summ           ######..     1%          2    None
 Passwall                 Tmut/Erth      ######..     1%          2    None
 Swiftness                Chrm/Air       #####...     1%          2    None
 Call Canine Familiar     Summ           ######..     1%          3    None
 Dazzling Spray           Conj/Hex       ######       1%          3    None
 Ignite Poison            Fire/Tmut/Pois #######.     1%          3    None
 Static Discharge         Conj/Air       #######.     1%          3    None
 Airstrike                Air            ######....   1%          4    None
 Fulminant Prism          Conj/Hex       #######...   1%          4    None
 Irradiate                Conj/Tmut      #######...   1%          5    None
 Lightning Bolt           Conj/Air       #######...   1%          5    None
 Confusing Touch          Hex            ###...       3%          1    None
 Corona                   Hex            ###....      3%          1    None
 Summon Guardian Golem    Hex/Summ       #####...     3%          3    None
 Leda's Liquefaction      Hex/Erth       ######....   3%          4    None
 Ensorcelled Hibernation  Hex/Ice        ###...       5%          2    None
 Confuse                  Hex            ###.....     11%         3    None
 Gell's Gravitas          Tloc           ###.......   11%         3    None
 Tukima's Dance           Hex            ###.....     11%         3    None
 Summon Ice Beast         Ice/Summ       #####...     11%         4    None
 Yara's Violent Unravell  Hex/Tmut       #####.....   11%         5    None
 Hydra Form               Tmut           ######....   65%         6    ###....
 Ring of Flames           Chrm/Fire      #######...   65%         7    #####..
 Metabolic Englaciation   Hex/Ice        ###.......   69%         5    None
 Invisibility             Hex            ###.....     99%         6    ###....
 Dragon Form              Tmut           ######....   99%         7    #####..
 Statue Form              Tmut/Erth      Unusable     N/A         6    N/A

Dungeon Overview and Level Annotations

Branches:
Dungeon (15/15)            Temple (0/1) D:7            Lair (6/6) D:10
 Shoals (4/4) Lair:4       Spider (4/4) Lair:3        Slime (0/5) Lair:5
    Orc (2/2) D:9             Elf (1/3) Orc:2        Vaults (3/5) D:14
 Depths (2/5) D:15          Sewer (visited)
  Crypt: Vaults:2-3

Altars:
Fedhas
Gozag
Kikubaaqudgha
Makhleb
Nemelex Xobeh
Okawaru
Qazlal
Ru
Trog
Uskayaw
Vehumet
Xom
Yredelemnul
Zin
The Shining One
Beogh
Jiyva

Shops:
D:7 ?*%(   D:8 =   D:9 ([   D:11 *   D:13 *   Orc:1 %   Orc:2 }([}*
Shoals:2 ??(   Depths:1 }=}

Portals:
Hell: Depths:1
Abyss: Depths:2

Annotations:
D:11 3 exclusions
Lair:5 1 exclusion
Spider:2 2 transporters, seehj's ghost, adept HOAr
Vaults:3 Mara
Depths:1 1 runed translucent door


Innate Abilities, Weirdness & Mutations

You are resistant to torment.
Your stone body is resilient. (AC +15)
You are immune to poison.
Your large and strong wings let you fly indefinitely.
You resist negative energy. (rN+)
You are resistant to electric shocks. (rElec)
You can survive without breathing.
You are immune to petrification.
You are immune to rotting.


Message History

The golden dragon tramples you!
You are shoved backwards!
Casting: Stone Arrow (safe; 1% risk of failure)
Confirm with . or Enter, or press ? or * to list all spells.
Aiming: Petrify (safe; 1% risk of failure)
Press: ? - help, Shift-Dir - straight line, f - golden dragon
Aim: a golden dragon (chance to defeat MR: 0%)
Okay, then.
The golden dragon breathes cold at you. The bolt of cold misses you.
The golden dragon breathes cold at you. The bolt of cold hits you!!!!
You feel a terrible chill!
Ouch! That really hurt!
* * * LOW HITPOINT WARNING * * *
An orange demon comes into view.
The orange demon screeches!
As you read the scroll of teleportation, it crumbles to dust.
You feel strangely unstable. The golden dragon breathes cold at you.
The bolt of cold hits you!!!
You feel a terrible chill!
You die...

#..##.#.......##................
#..##.#....##.#..........###.##.
##..##.#.......##.........'....#.
#......'.........'........###..#.
#..###'#.........##.......#....#.
#...........#....##.......#....#.
#........#...#........##..)....#.
#........#...#......##..#..(...#.
#.......#4....#.@.##....#..##..#.
#####...#...[.#.##.....#..<....#.
.# #..#.....[.........#..####.#.
.####..#.....##.#.....#..#.....#.
..##..#....##.D.#.....#....#####.
......#..##.D....#...#...........
.......##....#...#...#.....######
##...#'......###..#........#.....
.).........######..........#.###.


You could see a golden dragon.

Vanquished Creatures
  Jorgrun (D:12)
  A tentacled monstrosity (Depths:1)
  Rupert (Lair:6)
  A kraken (Shoals:1)
  Polyphemus (Shoals:2)
  Kirke (D:15)
  A fire giant (Depths:2)
  Ilsuiw (Shoals:2)
  A frost giant (Depths:1)
  2 deep elf sorcerers (Vaults:2)
  3 ghost moths (Spider:4)
  Louise (Shoals:1)
  7 vault wardens
  4 emperor scorpions (Spider:4)
  4 ironheart preservers
  9 stone giants
  3 entropy weavers
  A vampire knight (Depths:2)
  Nessos (D:15)
  The ghost of Acucautz the Blocker, a journeyman GrFi of Xom (Orc:1)
  A deep elf annihilator (Elf:1)
  3 ettins
  A deep elf death mage (Vaults:2)
  8 merfolk javelineers
  5 merfolk impalers
  3 fire dragons
  6 yaktaur captains
  5 great orbs of eyes
  Fannar (D:11)
  10 vault guards
  5 hydras
  7 rakshasas
  A spriggan air mage (Depths:2)
  2 catoblepae
  4 ice dragons
  5 merfolk avatars
  A death knight (D:11)
  4 merfolk aquamancers (Shoals:4)
  26 two-headed ogres
  6 ogre magi
  7 centaur warriors
  5 deep troll shamans
  7 death yaks
  A deep troll earth mage (Depths:2)
  4 dancing weapons (Elf:1)
  3 tengu warriors
  A vampire mage (Depths:2)
  Nergalle (D:12)
  3 orc high priests (Orc:2)
  2 soul eaters (Depths:2)
  11 skeletal warriors
  6 deep elf knights
  A shadow wraith (Vaults:2)
  A fire crab (Shoals:4)
  A glowing orange brain (Depths:2)
  12 deep trolls
  11 sea snakes
  2 flayed ghosts (Depths:2)
  4 unseen horrors
  6 deep elf archers
  Pikel (D:7)
  3 wizards
  A lindwurm (Lair:6)
  12 harpies
  10 orc knights
  4 ironbrand convokers
  12 orb spiders
  A necromancer (Depths:2)
  19 ugly things
  5 orc sorcerers
  21 deep elf magi
  24 wolf spiders
  6 cyclopes
  9 manticores
  12 fauns
  10 elephants
  Maurice (D:9)
  A moth of wrath (Spider:4)
  3 black mambas
  11 merfolk sirens
  A rust devil (Depths:2)
  A spiny frog (shapeshifter) (Elf:1)
  6 water nymphs
  Psyche (D:8)
  9 spiny frogs
  4 vault sentinels
  A black mamba (shapeshifter) (Vaults:1)
  A torpor snail (Spider:3)
  3 gargoyles
  2 komodo dragons
  A rime drake (Lair:5)
  An efreet (D:13)
  A yaktaur (shapeshifter) (Vaults:1)
  A freezing wraith (D:11)
  18 yaktaurs
  A kobold demonologist (D:13)
  A tengu conjurer (D:13)
  An ice devil (Depths:2)
  9 demonic crawlers
  17 jumping spiders
  3 polar bears
  34 merfolk
  3 trolls
  Grinder (D:5)
  A queen bee (D:10)
  12 hornets
  A blink frog (shapeshifter) (Depths:2)
  8 slime creatures
  6 wind drakes
  8 blink frogs
  8 hippogriffs
  A stone giant simulacrum (Vaults:2)
  3 dream sheep (Lair:6)
  7 snapping turtles
  Sigmund (D:5)
  3 fire elementals (Elf:1)
  50 redbacks
  13 water elementals
  A shadow (D:12)
  14 yaks
  A centaur simulacrum (D:13)
  2 vampires (D:13)
  An air elemental (Elf:1)
  27 tarantellas
  4 wyverns
  8 wraiths
  2 hogs (D:15)
  2 fire bats (Shoals:4)
  2 basilisks
  6 humans (D:14)
  Grum (D:8)
  2 wargs
  9 soldier ants (Spider:3)
  An acid dragon (Vaults:1)
  An acid dragon (shapeshifter) (Vaults:1)
  5 water moccasins
  6 porcupines
  Duvessa (D:7)
  3 eyes of draining
  A black bear (D:8)
  2 ice beasts
  A sky beast (D:5)
  A necrophage (D:8)
  A phantom (D:6)
  25 orc warriors
  17 ogres
  10 wolves
  27 centaurs
  16 crocodiles
  5 big kobolds
  A wyvern zombie (D:14)
  A gnoll sergeant (D:7)
  12 bullfrogs
  An earth elemental (Elf:1)
  Dowan (D:7)
  2 scorpions
  A human simulacrum (Vaults:1)
  13 killer bees (D:10)
  5 wights (D:9)
  3 electric eels
  7 howler monkeys
  8 crimson imps
  5 bullfrog zombies
  4 hounds
  2 quasits
  3 centaur zombies
  6 bullfrog skeletons
  10 jellies
  14 orc priests
  3 iron imps (Depths:2)
  25 orc wizards
  4 centaur skeletons
  An iguana (D:7)
  21 worker ants
  A hound zombie (D:5)
  A hound skeleton (D:8)
  3 worker ant zombies
  A howler monkey skeleton (D:4)
  6 gnolls
  14 adders
  11 river rats
  4 shadow imps
  14 oozes
  An adder zombie (D:6)
  2 adder skeletons
  4 worms
  A dart slug (D:1)
  5 leopard geckos
  49 orcs
  8 ball pythons
  2 giant cockroaches
  3 goblins
  9 hobgoblins
  9 jackals
  6 quokkas
  4 bats
  5 frilled lizards
  18 kobolds
  A leopard gecko zombie (D:7)
  24 rats
  A fungus (Lair:6)
  6 plants
  A tentacle (Shoals:1)
1219 creatures vanquished.

Vanquished Creatures (collateral kills)
  3 ironheart preservers
  An entropy weaver (Spider:3)
  2 fire dragons
  A vault guard (Vaults:2)
  4 hydras
  A two-headed ogre (Depths:2)
  An alligator snapping turtle (Shoals:4)
  3 death yaks (Lair:6)
  A queen ant (Spider:3)
  A deep elf knight (Vaults:2)
  A sea snake (Shoals:4)
  2 ironbrand convokers
  4 harpies
  A deep elf archer (Elf:1)
  5 wolf spiders
  5 deep elf magi (Elf:1)
  2 orb spiders (Spider:4)
  2 ugly things (D:14)
  A faun (Shoals:1)
  5 elephants
  A merfolk siren (Shoals:4)
  A water nymph (Shoals:3)
  2 vault sentinels
  3 yaktaurs
  2 komodo dragons
  A rime drake (Lair:5)
  8 jumping spiders
  4 merfolk
  A dream sheep (Lair:6)
  3 slime creatures (Vaults:1)
  2 blink frogs
  A snapping turtle (Shoals:1)
  A hippogriff (Shoals:4)
  8 tarantellas
  9 redbacks
  12 yaks
  A wyvern (Lair:1)
  A hog (D:15)
  7 soldier ants (Spider:3)
  2 water moccasins
  4 orc warriors
  A black bear (D:13)
  3 wolves
  A bullfrog (Lair:5)
  A gnoll sergeant (Orc:2)
  A crimson imp (D:13)
  An orc priest (Orc:2)
  4 orc wizards
  6 worker ants (Spider:3)
  3 gnolls (Orc:2)
  A shadow imp (Depths:2)
  10 orcs
  2 kobolds (Shoals:3)
  A tentacle (Shoals:1)
155 creatures vanquished.

Vanquished Creatures (others)
  A deep elf knight (Elf:1)
  A wolf spider (Spider:4)
  2 jumping spiders (Spider:3)
  2 redbacks (Spider:1)
  2 tarantellas (Spider:1)
  2 humans (D:15)
  2 ogres
  A scorpion (D:7)
  A centaur skeleton (D:4)
  A worker ant (D:4)
  A jackal (D:4)
  A kobold (Shoals:3)
  8 fungi
  14 plants
  14 tentacles (Shoals:1)
53 creatures vanquished.

Grand Total: 1427 creatures vanquished

Notes
Turn   | Place    | Note
-------+----------+-------------------------------------------
     0 | D:1      | Fukker the Gargoyle Earth Elementalist began the quest for
                  | the Orb.
     0 | D:1      | Reached XP level 1. HP: 10/10 MP: 3/3
    90 | D:1      | Reached XP level 2. HP: 7/15 MP: 3/5
   931 | D:2      | Reached XP level 3. HP: 19/19 MP: 2/6
  1116 | D:2      | Reached skill level 5 in Earth Magic
  1316 | D:2      | Learned a level 3 spell: Stone Arrow
  1588 | D:2      | Reached XP level 4. HP: 24/24 MP: 4/8
  1639 | D:3      | Reached XP level 5. HP: 24/28 MP: 4/9
  1667 | D:3      | Reached skill level 1 in Conjurations
  1761 | D:3      | Found an iron altar of Okawaru.
  2413 | D:4      | Found a stormy altar of Qazlal.
  2413 | D:4      | Found a basalt altar of Yredelemnul.
  2413 | D:4      | Found a radiant altar of Vehumet.
  2413 | D:4      | Found a sacrificial altar of Ru.
  2422 | D:4      | Became a worshipper of Vehumet
  2437 | D:4      | Learned a level 5 spell: Lee's Rapid Deconstruction
  2445 | D:4      | Killed an ogre
  2488 | D:4      | Reached XP level 6. HP: 32/32 MP: 6/11
  2558 | D:4      | Found a shimmering altar of Xom.
  3247 | D:4      | Reached skill level 1 in Maces & Flails
  3247 | D:4      | Reached XP level 7. HP: 37/37 MP: 7/13
  3331 | D:4      | Got a faintly humming chain mail
  3672 | D:5      | Entered Level 5 of the Dungeon
  3675 | D:5      | Found an ancient bone altar of Kikubaaqudgha.
  3751 | D:5      | Learned a level 4 spell: Petrify
  3812 | D:5      | Noticed Grinder
  3821 | D:5      | Killed Grinder
  3821 | D:5      | Reached skill level 1 in Transmutations
  3983 | D:5      | Found a glowing golden altar of the Shining One.
  4047 | D:5      | Noticed Sigmund
  4064 | D:5      | Killed Sigmund
  4064 | D:5      | Reached XP level 8. HP: 42/42 MP: 4/15
  4183 | D:5      | Reached * piety under Vehumet
  4183 | D:5      | Offered knowledge of Flame Tongue by Vehumet.
  4192 | D:5      | Found a glowing drain.
  4200 | Sewer    | Entered a sewer
  4330 | Sewer    | Reached skill level 5 in Spellcasting
  4561 | Sewer    | Reached ** piety under Vehumet
  4566 | Sewer    | Offered knowledge of Throw Flame by Vehumet.
  5415 | D:6      | Noticed a slime creature
  5418 | D:6      | Reached XP level 9. HP: 42/46 MP: 17/17
  5432 | D:6      | Reached skill level 1 in Short Blades
  5432 | D:6      | Reached skill level 10 in Earth Magic
  5433 | D:6      | Offered knowledge of Mephitic Cloud by Vehumet.
  5616 | D:6      | Reached *** piety under Vehumet
  5621 | D:6      | Learned a level 3 spell: Mephitic Cloud
  5731 | D:6      | Got a crude ring mail
  5771 | D:6      | Found a sparkling altar of Nemelex Xobeh.
  5890 | D:6      | Identified the +2 ring mail of Inaction {Int+2 Dex+4} (You
                  | found it on level 6 of the Dungeon)
  5945 | D:6      | Offered knowledge of Force Lance by Vehumet.
  6393 | D:7      | Found a staircase to the Ecumenical Temple.
  6506 | D:7      | Found Kafung's Magic Scroll Emporium.
  6526 | D:7      | Bought a scroll of identify for 28 gold pieces
  6526 | D:7      | Bought a scroll of identify for 28 gold pieces
  6526 | D:7      | Bought a scroll of identify for 28 gold pieces
  6530 | D:7      | Noticed Pikel
  6542 | D:7      | Killed Pikel
  6542 | D:7      | Reached skill level 5 in Conjurations
  6668 | D:7      | Noticed Duvessa
  6669 | D:7      | Noticed Dowan
  6674 | D:7      | Killed Duvessa
  6674 | D:7      | Reached XP level 10. HP: 49/51 MP: 10/19
  6674 | D:7      | Killed Dowan
  6681 | D:7      | Reached **** piety under Vehumet
  6685 | D:7      | Offered knowledge of Dazzling Spray by Vehumet.
  6834 | D:7      | Found Ecaxolac's Weapon Boutique.
  6881 | D:7      | Found Vuytohili's Food Emporium.
  6920 | D:7      | Found Gyruant's Assorted Antiques.
  7401 | D:8      | Found a bloodstained altar of Trog.
  7402 | D:8      | Noticed Grum
  7415 | D:8      | Killed Grum
  7879 | D:8      | Noticed Psyche
  7884 | D:8      | Killed Psyche
  8385 | D:8      | Found Duovolar's Jewellery Emporium.
  8470 | D:9      | Found a burning altar of Makhleb.
  8491 | D:9      | Found a hide-covered altar of Uskayaw.
  8536 | D:9      | Noticed Maurice
  8551 | D:9      | Killed Maurice
  8680 | D:9      | Found a blossoming altar of Fedhas.
  8772 | D:9      | Found Taicrug's Armour Boutique.
  8804 | D:9      | Reached ***** piety under Vehumet
  8956 | D:9      | Found a staircase to the Orcish Mines.
  8958 | D:9      | Found Tiukac's Weapon Boutique.
  9066 | D:7      | Bought an encrusted buckler for 266 gold pieces
  9081 | D:7      | Identified the +1 buckler "Zarphaiha" {rPois Int+5} (You
                  | bought it in a shop on level 7 of the Dungeon)
  9260 | D:9      | Reached skill level 1 in Shields
  9294 | D:9      | Found an opulent altar of Gozag.
  9368 | D:9      | Offered knowledge of Airstrike by Vehumet.
  9597 | D:10     | Entered Level 10 of the Dungeon
  9634 | D:10     | Found a staircase to the Lair.
  9673 | D:10     | Noticed a five-headed hydra
  9686 | D:10     | Killed a five-headed hydra
  9686 | D:10     | Reached skill level 1 in Armour
  9686 | D:10     | Reached XP level 11. HP: 54/55 MP: 3/21
  9775 | D:10     | Reached skill level 5 in Shields
  9988 | D:10     | Found a stormy altar of Qazlal.
 10276 | D:10     | Learned a level 4 spell: Summon Lightning Spire
 10319 | D:11     | Noticed a two-headed ogre
 10325 | D:11     | Killed a two-headed ogre
 10325 | D:11     | Reached skill level 1 in Summonings
 10325 | D:11     | Reached skill level 1 in Air Magic
 10370 | D:11     | Reached skill level 1 in Fighting
 10610 | D:11     | Noticed a two-headed ogre
 10617 | D:11     | Killed a two-headed ogre
 10742 | D:11     | Noticed a death knight
 10759 | D:11     | Found Zaeqasidd's General Store.
 11085 | Lair:1   | Entered Level 1 of the Lair of Beasts
 11393 | Lair:1   | Reached XP level 12. HP: 41/62 MP: 22/22
 11626 | Lair:1   | Reached skill level 5 in Summonings
 11738 | Lair:1   | Noticed an eight-headed hydra
 11745 | Lair:1   | Killed an eight-headed hydra
 11745 | Lair:1   | Reached skill level 1 in Poison Magic
 11858 | Lair:1   | Reached skill level 5 in Air Magic
 12561 | Lair:2   | Offered knowledge of Fireball by Vehumet.
 12568 | Lair:2   | Learned a level 5 spell: Fireball
 13043 | Lair:3   | Reached skill level 1 in Fire Magic
 13205 | Lair:3   | Found a hole to the Spider Nest.
 13820 | Lair:4   | Reached skill level 2 in Fire Magic
 13833 | Lair:4   | Reached skill level 5 in Fighting
 14106 | Lair:4   | Found a glowing silver altar of Zin.
 14326 | Lair:4   | Found a staircase to the Shoals.
 14505 | Lair:5   | Found a staircase to the Slime Pits.
 14505 | Lair:5   | Noticed a six-headed hydra
 14509 | Lair:5   | Killed a six-headed hydra
 14514 | Lair:5   | Reached skill level 3 in Fire Magic
 14654 | Lair:5   | Noticed a six-headed hydra
 14655 | Lair:5   | Noticed a four-headed hydra
 14660 | Lair:5   | Killed a six-headed hydra
 14660 | Lair:5   | Killed a four-headed hydra
 14660 | Lair:5   | Reached XP level 13. HP: 74/74 MP: 15/23
 14662 | Lair:5   | Reached skill level 4 in Fire Magic
 14677 | Lair:5   | Found a viscous altar of Jiyva.
 14893 | Lair:4   | Reached skill level 5 in Dodging
 15037 | Lair:5   | Reached skill level 5 in Fire Magic
 15784 | Lair:6   | Entered Level 6 of the Lair of Beasts
 16142 | Lair:6   | Noticed Rupert
 16143 | Lair:6   | Paralysed by Rupert for 3 turns
 16151 | Lair:6   | Killed Rupert
 16324 | Lair:6   | Reached skill level 6 in Fire Magic
 17655 | Lair:6   | Gained mutation: Your large and strong wings let you fly
                  | indefinitely. [Gargoyle growth]
 17655 | Lair:6   | Reached XP level 14. HP: 78/86 MP: 19/24
 18063 | Spider:1 | Entered Level 1 of the Spider Nest
 18090 | Spider:1 | Offered knowledge of Iskenderun's Battlesphere by Vehumet.
 18106 | Spider:1 | Reached skill level 7 in Fire Magic
 18440 | Spider:1 | Reached skill level 10 in Fighting
 19819 | Spider:2 | Found a transporter.
 19819 | Spider:2 | Noticed an entropy weaver
 20140 | Spider:2 | Noticed seehj's ghost (adept HOAr)
 20259 | Spider:2 | Found a transporter.
 20609 | Spider:2 | Reached skill level 8 in Fire Magic
 20666 | Spider:3 | Noticed an entropy weaver
 20675 | Spider:3 | Killed an entropy weaver
 20731 | Spider:3 | Noticed an entropy weaver
 20734 | Spider:3 | Killed an entropy weaver
 20751 | Spider:3 | Reached skill level 10 in Dodging
 21017 | Spider:3 | Reached XP level 15. HP: 48/93 MP: 19/25
 21383 | Spider:3 | Identified a scroll of acquirement
 22008 | Spider:4 | Entered Level 4 of the Spider Nest
 22067 | Spider:4 | Offered knowledge of Bolt of Fire by Vehumet.
 22488 | Shoals:1 | Entered Level 1 of the Shoals
 22716 | D:11     | Bought a scroll of identify for 32 gold pieces
 22716 | D:11     | Bought a scroll of blinking for 120 gold pieces
 22716 | D:11     | Bought a scroll of acquirement for 832 gold pieces
 22716 | D:11     | Bought a scroll of identify for 32 gold pieces
 23007 | D:11     | Noticed Fannar
 23020 | D:11     | Killed Fannar
 23864 | D:12     | You are sucked into a shaft and drop 2 floors!
 24183 | D:13     | Learned a level 6 spell: Bolt of Fire
 24303 | D:12     | Offered knowledge of Iron Shot by Vehumet.
 24539 | D:8      | Bought an uncursed ring of see invisible for 210 gold
                  | pieces
 25132 | Spider:4 | Reached skill level 9 in Fire Magic
 25206 | Spider:4 | Noticed a ghost moth
 25249 | Spider:4 | Killed a ghost moth
 25503 | Spider:4 | Reached skill level 1 in Evocations
 25697 | Spider:4 | Noticed a ghost moth
 25714 | Spider:4 | Killed a ghost moth
 25902 | Spider:4 | Noticed an emperor scorpion
 25902 | Spider:4 | Noticed an emperor scorpion
 25902 | Spider:4 | Noticed an emperor scorpion
 25904 | Spider:4 | Noticed a ghost moth
 25905 | Spider:4 | Noticed an emperor scorpion
 25921 | Spider:4 | Reached skill level 10 in Fire Magic
 25930 | Spider:4 | Killed an emperor scorpion
 25933 | Spider:4 | Killed an emperor scorpion
 25933 | Spider:4 | Reached XP level 16. HP: 22/100 MP: 8/28
 26577 | Spider:4 | Got a gossamer rune of Zot
 26894 | D:12     | Noticed Jorgrun
 26899 | D:12     | Killed Jorgrun
 27136 | D:12     | Noticed Nergalle
 27151 | D:12     | Killed Nergalle
 27151 | D:12     | Reached skill level 10 in Conjurations
 27435 | D:13     | Found Ynatutwusi's General Store.
 28130 | D:13     | Reached skill level 11 in Fire Magic
 28779 | Shoals:1 | Offered knowledge of Ozocubu's Refrigeration by Vehumet.
 29776 | Shoals:1 | Reached skill level 12 in Fire Magic
 29787 | Shoals:1 | Noticed Louise
 30072 | Shoals:1 | Killed Louise
 30367 | Shoals:1 | Noticed a kraken
 30456 | Shoals:1 | Reached skill level 1 in Polearms
 30735 | Shoals:1 | Killed a kraken
 31557 | Shoals:2 | Noticed Polyphemus
 31737 | Shoals:2 | Noticed Ilsuiw
 32104 | Shoals:2 | Killed Polyphemus
 32156 | Shoals:2 | Reached XP level 17. HP: 75/104 MP: 17/30
 32264 | Shoals:2 | Found Zeumemamn's Magic Scroll Boutique.
 32294 | Shoals:2 | Bought a scroll of immolation for 56 gold pieces
 32576 | Shoals:2 | Found Hiascha's Weapon Emporium.
 32588 | Shoals:2 | Reached skill level 10 in Spellcasting
 32710 | Shoals:2 | Offered knowledge of Conjure Ball Lightning by Vehumet.
 32828 | Shoals:2 | Killed Ilsuiw
 32990 | Shoals:2 | Found Vagyam's Magic Scroll Boutique.
 33020 | Shoals:2 | Bought a scroll of fear for 49 gold pieces
 33020 | Shoals:2 | Bought a scroll of teleportation for 42 gold pieces
 33020 | Shoals:2 | Bought a scroll of teleportation for 42 gold pieces
 33020 | Shoals:2 | Bought a scroll of enchant armour for 105 gold pieces
 33326 | Shoals:3 | Found a flickering gateway to a bazaar.
 33337 | Bazaar   | Entered a bazaar
 33637 | Bazaar   | Found Zamn's General Store.
 33652 | Bazaar   | Found Guorrono's Weapon Emporium.
 33667 | Bazaar   | Found Kullestry's Antique Armour Emporium.
 33682 | Bazaar   | Found Sahin's Antique Armour Emporium.
 34097 | Shoals:3 | Learned a level 6 spell: Conjure Ball Lightning
 34434 | Shoals:4 | Entered Level 4 of the Shoals
 35091 | Shoals:4 | Got a jet-encrusted ring mail
 35092 | Shoals:4 | Identified the +5 ring mail of Ylies {MR+++ Dex+4 Stlth-}
                  | (You found it on level 4 of the Shoals)
 35590 | Shoals:4 | Identified the Reference Book on Enchantment
 36545 | Shoals:4 | Got a barnacled rune of Zot
 37157 | D:14     | Reached ****** piety under Vehumet
 37395 | D:14     | Reached XP level 18. HP: 110/110 MP: 35/35
 37650 | D:14     | Offered knowledge of Fire Storm by Vehumet.
 37650 | D:14     | Offered knowledge of Tornado by Vehumet.
 37650 | D:14     | Offered knowledge of Ignition by Vehumet.
 37744 | D:13     | Learned a level 8 spell: Ignition
 37800 | D:14     | Found a gate to the Vaults.
 37814 | D:14     | Got a faintly glowing arbalest
 37815 | D:14     | Identified the +1 arbalest of Pifoyzoolo {velocity, rPois
                  | Str-5 Int+8} (You found it on level 14 of the Dungeon)
 37985 | Orc:1    | Entered Level 1 of the Orcish Mines
 37985 | Orc:1    | Found a roughly hewn altar of Beogh.
 37996 | Orc:1    | Found a runed translucent door.
 38001 | Orc:1    | Noticed Acucautz's ghost (journeyman GrFi)
 38075 | Orc:1    | Killed Acucautz's ghost
 38347 | Orc:2    | Entered Level 2 of the Orcish Mines
 38709 | Orc:2    | Found Hamuvotz's General Store.
 38765 | Orc:2    | Found a staircase to the Elven Halls.
 39138 | Orc:2    | Found Idaudghips's Gadget Emporium.
 39173 | Orc:2    | Reached skill level 13 in Fire Magic
 39311 | Orc:2    | Found Sapij's Armour Emporium.
 39312 | Orc:2    | Found Quotriqe's Weapon Shop.
 39312 | Orc:2    | Found Kuydath's Gadget Shop.
 39601 | Orc:1    | Found Weucear's Food Shoppe.
 39605 | Orc:1    | Found a roughly hewn altar of Beogh.
 39805 | Elf:1    | Entered Level 1 of the Elven Halls
 40857 | Elf:1    | Reached skill level 5 in Armour
 41744 | Vaults:1 | Entered Level 1 of the Vaults
 42121 | Vaults:1 | Reached skill level 14 in Fire Magic
 42818 | Vaults:1 | Reached XP level 19. HP: 98/115 MP: 17/36
 43442 | Vaults:1 | Reached skill level 15 in Fire Magic
 44696 | Vaults:2 | Reached skill level 16 in Fire Magic
 45585 | Vaults:3 | Reached skill level 15 in Spellcasting
 45858 | Vaults:3 | Noticed Mara
 45861 | Vaults:3 | Noticed Fukker's illusion
 45866 | Vaults:3 | Noticed Fukker's illusion
 46132 | D:15     | Entered Level 15 of the Dungeon
 46175 | D:15     | Noticed Kirke
 46176 | D:15     | Noticed Nessos
 46178 | D:15     | Killed Kirke
 46178 | D:15     | Reached XP level 20. HP: 121/121 MP: 37/39
 46180 | D:15     | Killed Nessos
 46796 | D:15     | Identified the +6 war axe of Ozuum {freeze, *Noise *Drain
                  | rPois Str+9}
 47063 | D:15     | Found a staircase to the Depths.
 47298 | Depths:1 | Entered Level 1 of the Depths
 47388 | Depths:1 | Found Meysotta's Gadget Shoppe.
 47389 | Depths:1 | Found Souheir's Jewellery Boutique.
 47390 | Depths:1 | Found Tuolau's Gadget Shoppe.
 47973 | Depths:1 | Found a runed translucent door.
 48045 | Depths:1 | Noticed a golden dragon
 48066 | Depths:1 | Upgraded the game from 0.24.1 to 0.24.1-1-gd1d2a07e1b
 48304 | Depths:2 | Reached skill level 17 in Fire Magic
 48381 | Depths:2 | Found a one-way gate to the infinite horrors of the Abyss.
 49060 | Depths:1 | Found a gateway to Hell.
 49637 | Depths:2 | Got a smoking brass ring
 49638 | Depths:2 | Identified the ring "Alluloa" {+Fly rN+} (You found it on
                  | level 2 of the Depths)
 49955 | Depths:2 | Noticed a golden dragon
 49968 | Depths:2 | Killed from afar by a golden dragon

Levels and vault maps discovered:
D:1:      lemuel_arrival_room, layout_basic
D:2:      layout_rooms, st_stairs_11, lemuel_old_faithful
D:3:      layout_loops_cross, old_standard_altar
D:4:      layout_loops_corners, xom_confusion_cloud,
          chequers_temple_overflow_statue_of_worship
D:5:      layout_loops_cross, lemuel_crystal_altar, first_ration, basic_altar,
          portal_sewer_entry_b, uniq_grinder, uniq_sigmund
D:6:      lemuel_slime, layout_loops_ring, nicolae_overflow_crystal_walls,
          minmay_misc_feat_columns
D:7:      layout_basic, minmay_temple_entry_mist, serial_shops,
          nicolae_shop_crystal, nicolae_shop_statue_plus, shop, kennysheep_mini,
          uniq_pikel, uniq_duvessa
D:8:      layout_layer_cave, overflow_temple_1_default, serial_shops,
          kennysheep_mini_moat, uniq_grum, uniq_psyche
D:9:      layout_stronghold, lemuel_round_altar, makhleb_grotto_becter,
          lemuel_coloured_pillars_altar, fedhas_altar_3, orc_david_3,
          uniq_maurice
D:10:     layout_loops_ring, lair_entry_dummy, david_nohive_1,
          nicolae_qazlal_style_of_elements
D:11:     cheibrodos_tormentor_scu, layout_basic, serial_shops, shop,
          uniq_fannar
D:12:     layout_basic, uniq_nergalle, uniq_jorgrun
D:13:     minmay_open_boxes_in_corner, layout_layer_cave, serial_shops,
          nicolae_shop_crystal, kennysheep_another_room
D:14:     layout_loops_ring, ximxim_vaults_locker_room
D:15:     grunt_enter_depths_hoard, layout_cave_pools, serial_column_ruins,
          column_ruins_hut, column_ruins_grid_5, column_ruins_open_small,
          column_ruins_corridor_straight, column_ruins_columns_T,
          column_ruins_open_medium_water, column_ruins_open_medium,
          column_ruins_open_medium, minmay_stone_trees_small, uniq_kirke,
          uniq_nessos
Lair:1:   layout_long_grid, nicolae_volcano_entry_s_turn, st_stairs_5
Lair:2:   layout_long_grid, lemuel_fruit_tree
Lair:3:   layout_regular_city, dummy_spider_entry, lemuel_fruit_fields
Lair:4:   layout_regular_city, elwin_shoals_entry_rooms, basic_altar
Lair:5:   layout_misc_corridors, slime_altar_1
Lair:6:   grunt_lair_end_beastmaster, layout_regular_city,
          infiniplex_staircase_pool_2, grunt_megastairs_4, uniq_rupert
Shoals:1: layout_shoals, hangedman_shoals_cup_caves, uniq_louise
Shoals:2: layout_shoals, serial_shops, shop, shop_statue,
          nicolae_shop_statue_plus, uniq_ilsuiw, uniq_polyphemus
Shoals:3: layout_shoals, serial_shops, bzr_entry_customers
Shoals:4: shoals_end_simple, layout_shoals, hangedman_shoal_volcano
Spider:1: layout_spider_delve
Spider:2: layout_spider_delve, gammafunk_ghost_arena
Spider:3: layout_spider_delve, zaba_antful_of_joy
Spider:4: spider_rune_water
Orc:1:    layout_caves, serial_shops, shop, ebering_ghost_inner_flame,
          hangedman_feature_mirror, uniq_josephine
Orc:2:    st_orc_elflike, layout_diamond_mine, serial_shops,
          nicolae_shop_crystal, nicolae_orc_pool_cavern
Elf:1:    eino_elf_arrival_shootout, layout_loops_corners
Vaults:1: ontoclasm_vaults_spin, vaults_room_pool, nicolae_vaults_circle_grid_b,
          vaults_dpeg_diagonal, vaults_dpeg_encased_lava,
          vaults_standard_mumra_enter_the_diamond, vaults_mumra_hex,
          v_pattern_3, v_misc_19, ontoclasm_vaults_tryst,
          nicolae_vaults_display_case, grunt_vaults_diagonal, vaults_room_pool,
          layout_vaults_ring
Vaults:2: hangedman_vaults_stitches, vaults_room_pools,
          nicolae_vaults_circle_grid_b, nicolae_vaults_little_squares_2,
          v_misc_12, vaults_room_pools, nicolae_vaults_little_squares_5,
          vaults_room_stairs_pillars, layout_vaults_omnigrid
Vaults:3: minmay_crypt_entry_skeletal_spiral, st_eye,
          grunt_vaults_hallway_short, vaults_standard_mumra_x, v_misc_16,
          dpeg_vaults_monster_row, grunt_vaults_trifunnel,
          hangedman_vaults_snaps, vaults_room_pools, vaults_room_hallway,
          layout_vaults_big_room, uniq_mara
Depths:1: layout_gridlike, serial_bayou_shore_a, pf_hell_entry_tar_spiral,
          chequers_serial_rivers_small_a, minmay_hidden_floor, minmay_shop_grove
Depths:2: impenetrable_vault, layout_basic, hangedman_abyss_entry_splay,
          grunt_hell_entry_demonic_statue, serial_sigils_hangedman_shear,
          minmay_mirror_moons_of_madness

Skill      XL: |  1  2  3  4  5  6  7  8  9 10 11 12 13 14 15 16 17 18 19 20 |
---------------+-------------------------------------------------------------+-----
Earth Magic    | 4 5 6 7 8 9 11 12 | 12.2
Conjurations   | 1 2 3 4 5 7 9 11 13 | 13.4
Spellcasting   | 3 4 5 6 7 8 9 13 15 | 15.0
Maces & Flails | 1 |  1.2
Transmutations | 1 2 3 4 |  4.4
Short Blades   | 2 3 |  3.6
Shields        | 4 5 6 |  6.0
Armour         | 1 3 4 7 |  7.5
Summonings     | 4 6 |  6.1
Air Magic      | 4 5 |  5.2
Fighting       | 2 6 9 10 11 13 | 13.0
Dodging        | 2 4 7 10 11 | 11.7
Poison Magic   | 1 2 |  2.5
Fire Magic     | 3 6 8 10 12 14 16 17 | 17.3
Evocations     | 1 2 |  2.7
Polearms       | 2 3 |  3.2
Staves         | |  0.5
Throwing       | |  0.1
Stealth        | |  2.9

Action                   |  1- 3 |  4- 6 |  7- 9 | 10-12 | 13-15 | 16-18 | 19-21 || total
-------------------------+-------+-------+-------+-------+-------+-------+-------++-------
Melee: Unarmed           |     6 |       |       |       |       |       |       ||     6
       Mace              |       |    41 |   134 |       |       |       |       ||   175
       Short sword       |       |       |   112 |   216 |   401 |   180 |     5 ||   914
       Demon trident     |       |       |       |       |       |    29 |       ||    29
       Staff             |       |       |       |       |       |    37 |       ||    37
Throw: Stone             |       |     1 |       |     7 |     7 |     1 |       ||    16
       Dart              |       |       |       |     1 |       |       |       ||     1
 Cast: Sandblast         |    43 |    53 |    68 |   116 |   242 |   204 |    27 ||   753
       Stone Arrow       |       |     5 |    22 |    87 |   154 |   124 |    54 ||   446
       Lee's Rapid Decon |       |     1 |    11 |    20 |    51 |    18 |    40 ||   141
       Petrify           |       |       |     6 |    15 |    18 |    11 |     7 ||    57
       Mephitic Cloud    |       |       |     2 |     5 |    17 |       |       ||    24
       Summon Lightning  |       |       |       |    11 |    69 |    44 |    20 ||   144
       Fireball          |       |       |       |     1 |    32 |    33 |    13 ||    79
       Bolt of Fire      |       |       |       |       |     5 |   313 |   220 ||   538
       Ignition          |       |       |       |       |       |    10 |    12 ||    22
 Abil: Fly               |       |       |       |       |     1 |       |       ||     1
Evoke: Wand              |       |       |       |       |     5 |     6 |       ||    11
       Fan of gales      |       |       |       |       |       |     1 |       ||     1
  Use: Scroll            |       |       |    14 |    16 |    18 |    14 |     5 ||    67
       Potion            |       |       |       |       |    11 |     3 |       ||    14
 Stab: Sleeping          |       |     1 |     1 |     6 |       |     1 |       ||     9
       Petrified         |       |       |    10 |    28 |    15 |    12 |       ||    65
       Petrifying        |       |       |     1 |       |       |       |       ||     1
       Confused          |       |       |     1 |     4 |     7 |       |       ||    12
       Distracted        |       |       |       |     4 |     3 |       |       ||     7
  Eat: Chunk             |     2 |     4 |     9 |    14 |    10 |    39 |    40 ||   118
       Ration            |       |     1 |     2 |     5 |    14 |    26 |     2 ||    50
Armor: Robe              |     6 |    25 |   105 |    56 |   309 |   119 |       ||   620
       Ring mail         |       |       |       |    19 |       |       |       ||    19
       Leather armour    |       |       |       |       |       |   153 |    30 ||   183
       Quicksilver drago |       |       |       |       |       |     2 |     2 ||     4
Dodge: Dodged            |    17 |    40 |   180 |   117 |   587 |   522 |    60 ||  1523
Block: Buckler           |       |       |       |    57 |   213 |   187 |    20 ||   477
